cohdb
Replays
Latest Replays
All Replays
Popular Replays
Top Player Replays
Match Explorer
How It Works
Community
CoH3 Stats
Reddit
Sign in to upload your games and track your stats! →
Sign in with Steam
Match 38490720
Unlisted
Match 38490720
Overview
Messages
Build Orders
End
Selects Luftwaffe Battlegroup
Selects Luftwaffe Pioneer Support
Fallschirmpioneer Squad Paradrop
Construct Infanterie Kompanie
Grenadier Squad
Grenadier Squad
Grenadier Squad
Infanterie Officer Quarters
GrW 34 Mortar Team
Construct Luftwaffe Kompanie
Selects Stuka Strafing Run
Selects LG40 Recoilless Gun Paradrop
Support Elements
Autumn_Cloud_Sensei
뀨삭
LEV-Detahaven
Pretoryan
0
0
Comments
sign in to comment!
No comments posted yet!